 Dungeon Crawl Stone Soup version 0.15.2 (webtiles) character file.

248 Heini the Covered (level 5, -8/48 HPs)
             Began as a Minotaur Fighter on Feb 7, 2015.
             Mangled by an ogre
             ... wielding a +0 giant club
              (22 damage)
             ... on Level 3 of the Dungeon.
             The game lasted 00:04:05 (2120 turns).

Heini the Covered (Minotaur Fighter)                Turns: 2120, Time: 00:04:05

HP  -8/48        AC  7     Str 22      XL: 5   Next: 86%
MP   2/2         EV  7     Int  5      God:
Gold 222         SH  9     Dex  9      Spells:  0 memorised,  4 levels left

rFire  + . .     SeeInvis .     a - +1 flail
rCold  . . .     Clarity  .     b - +0 scale mail
rNeg   . . .     rCorr    .     c - +0 shield
rPois  .         rRot     .     i - +0 hat
rElec  .         Spirit   .     (no cloak)
SustAb .         Warding  .     (no gloves)
rMut   .         Stasis   .     (no boots)
Gourm  .                        (no amulet)
MR     .....                    (no ring)
                                p - ring of protection from fire

@: not resistant to hostile enchantments, extremely unstealthy
A: retaliatory headbutt, horns 2
a: no special abilities


You were on level 3 of the Dungeon.
You were very hungry.

You visited 1 branch of the dungeon, and saw 4 of its levels.

You collected 222 gold pieces.

Inventory:

Hand weapons
 a - a +1 flail (weapon)
Armour
 b - a +0 scale mail (worn)
 c - a +0 shield (worn)
 i - a +0 hat (worn)
Magical devices
 o - a wand of frost (10)
Comestibles
 d - 2 bread rations
 f - 3 fruits
 k - 2 beef jerkies
 r - 2 meat rations
Scrolls
 g - 3 scrolls of remove curse
 m - 2 scrolls of immolation {unknown}
 q - a scroll of teleportation
 u - a scroll of identify
Jewellery
 p - a ring of protection from fire (left hand)
Potions
 e - 2 potions of might
 h - 4 potions of curing {unknown}
 j - a potion of agility {unknown}
 l - a potion of mutation {unknown}
 n - a potion of degeneration


   Skills:
 * Level 5.5 Fighting
 * Level 4.0 Maces & Flails
 * Level 5.9 Armour
 - Level 3.6 Shields


You had 4 spell levels left.
You didn't know any spells.

Dungeon Overview and Level Annotations

Branches:
Dungeon (4/15)
 Temple: D:4-7

Altars:


Innate Abilities, Weirdness & Mutations

You reflexively headbutt those who attack you in melee.
You have a pair of horns on your head.


Message History

The ogre hits you with a giant club!
* * * LOW HITPOINT WARNING * * *
The orc closely misses you. You block the orc's attack.
You are too injured to fight recklessly!
You are too injured to fight recklessly!
You are too injured to fight recklessly!
You block the orc's attack.
There is a stone staircase leading up here.
You block the ogre's attack.
You climb upwards.
There is a stone staircase leading down here.
Drink which item? (? for menu, Esc to quit)
Okay, then.
You hit the ogre. Your headbutt misses the ogre.
The ogre is moderately wounded.
You block the ogre's attack.
You barely miss the ogre. Your headbutt misses the ogre.
The ogre is moderately wounded.
The ogre hits you with a giant club!!
You die...

#.# #.# #.# #.# #.# #.#
#.#############.##
#.................
#.############...# ###
#.############...# #.#
####O..........##)..# #.#
#...@.........)...... #.#
########.............
#.#####################.##....
#..............# #.######
#..###########.# #.###
#..###########.########.#.####
#.............<...............
#.#####################+#.####
#.# #....<((%(.# #


You could see an ogre.

Vanquished Creatures
  The ghost of Heini the Covered, an average MiFi (D:3)
  Jessica (D:2)
  Terence (D:3)
  3 adders (D:3)
  A giant mite (D:2)
  3 worms (D:2)
  A giant gecko (D:3)
  An ooze (D:2)
  5 orcs (D:3)
  9 bats
  4 giant cockroaches
  11 goblins
  8 hobgoblins
  4 jackals (D:2)
  8 kobolds
  A quokka (D:1)
  3 giant newts
  3 rats
68 creatures vanquished.

Vanquished Creatures (others)
  4 toadstools (D:1)
4 creatures vanquished.

Grand Total: 72 creatures vanquished

Notes
Turn   | Place    | Note
--------------------------------------------------------------
     0 | D:1      | Heini, the Minotaur Fighter, began the quest for the Orb.
     0 | D:1      | Reached XP level 1. HP: 19/19 MP: 1/1
   118 | D:1      | Reached skill level 4 in Fighting
   118 | D:1      | Reached XP level 2. HP: 25/27 MP: 1/1
   694 | D:2      | Noticed Jessica
   698 | D:2      | Killed Jessica
   698 | D:2      | Reached XP level 3. HP: 23/34 MP: 2/2
  1055 | D:2      | Reached XP level 4. HP: 29/41 MP: 2/2
  1386 | D:3      | Reached skill level 5 in Fighting
  1387 | D:3      | Reached skill level 5 in Armour
  1418 | D:3      | Noticed Terence
  1425 | D:3      | Killed Terence
  1817 | D:3      | Noticed Heini's ghost (average MiFi)
  1832 | D:3      | HP: 2/42 [Heini's ghost (11)]
  1835 | D:3      | Killed Heini's ghost
  1835 | D:3      | Reached XP level 5. HP: 19/48 MP: 2/2
  2108 | D:4      | Noticed an ogre
  2120 | D:3      | Mangled by an ogre

Action                   |  1- 3 |  4- 6 || total
-------------------------+-------+-------++-------
Melee: Flail             |    72 |    87 ||   159
  Use: Scroll            |       |     5 ||     5
       Potion            |       |     2 ||     2
  Eat: Chunk             |       |     3 ||     3
